 Dungeon Crawl Stone Soup version 0.29.0-4-gdea44cf6ec (webtiles) character file.

Game seed: 2635456089798803769

384 qw the Chopper (level 6, -2/37 HPs)
             Began as a Tengu Warper on Aug 28, 2022.
             Killed by nerve-wracking pain
             ... invoked by an orc priest
              (8 damage)
             ... on level 4 of the Dungeon.
             The game lasted 00:00:20 (3601 turns).

qw the Chopper (Tengu Warper)                       Turns: 3601, Time: 00:00:21

Health: -2/37      AC:  7    Str: 14    XL:     6   Next: 77%
Magic:  10/10      EV: 13    Int: 13    God:
Gold:   234        SH:  0    Dex: 13    Spells: 9/9 levels left

rFire   . . .      SeeInvis .   Y - +1 hand axe
rCold   + . .      Faith    .   (no shield)
rNeg    . . .      Spirit   .   c - +0 ring mail
rPois   .          Reflect  .   (helmet restricted)
rElec   .          Harm     .   f - +0 cloak
rCorr   .          Rampage  .   g - +0 pair of gloves
Will    .....                   (boots unavailable)
Stlth   +.........              (no amulet)
HPRegen 0.12/turn               e - ring of protection from cold
MPRegen 0.12/turn               (no ring)

@: about to teleport, flying quickly and evasively, quick
A: beak, talons 3, nimble flight
a: no special abilities


You were on level 4 of the Dungeon.
You visited 1 branch of the dungeon, and saw 4 of its levels.

You collected 234 gold pieces.


Innate Abilities, Weirdness & Mutations

You have a beak for a mouth.
You have claws for feet.
Your magical nature lets you fly swiftly and evasively.


   Skills:
 - Level 3.3 Fighting
 + Level 7.0 Axes
 - Level 1.0 Throwing
 - Level 1.1 Armour
 - Level 2.1 Dodging
 - Level 2.0 Spellcasting
 - Level 2.4 Translocations


You had 9 spell levels left.
You didn't know any spells.
Your spell library contained the following spells:

 Spells                   Type           Power      Damage    Failure   Level
 Blink                    Tloc           14%        N/A       30%         2
 Gell's Gravitas          Tloc           7%         N/A       52%         3
 Lesser Beckoning         Tloc           7%         N/A       52%         3
 Teleport Other           Tloc           7%         N/A       52%         3
 Manifold Assault         Tloc           7%         N/A       99%         5

Inventory:

Hand Weapons
 h - a +0 flail
 Y - a +1 hand axe (weapon)
Missiles
 i - 7 boomerangs (quivered)
Armour
 c - a +0 ring mail (worn)
 f - a +0 cloak (worn)
 g - a +0 pair of gloves (worn)
Jewellery
 e - a ring of protection from cold (left hand)
 k - a ring of wizardry
Potions
 a - a potion of haste {unknown}
 d - a potion of curing {unknown}
 j - 2 potions of attraction {unknown}
 l - a potion of mutation {unknown}

Dungeon Overview and Level Annotations

Branches:
Dungeon (4/15)
 Temple: D:4-7

Altars:
Makhleb

Annotations:
D:3 2 transporters, qw's ghost, weakling TeWr
D:4 3 runed translucent doors, qw's ghost, amateur TeWr


Message History

There is an open door here.
Things that are here:
a +0 short sword; a kobold corpse You reach down and open the door.
There is an open door here.
You reach down and open the door.
An orc wizard, an orc and 2 orc priests come into view.
The orc priest shouts!
The orc shouts!
The orc priest shouts!
The orc priest calls down the wrath of Beogh upon you.
Beogh smites you!
The orc wizard moves out of view.
Enter note:
3593 ||| Stepping ~*~*~tactically~*~*~ (hiding).
You hit the orc but do no damage. You claw the orc.
The orc is lightly wounded.
You hit the orc but do no damage.
The orc is lightly wounded.
The orc barely misses you.
3596 ||| Stepping ~*~*~tactically~*~*~ (hiding).
You hit the orc but do no damage. You claw the orc, but do no damage.
The orc is lightly wounded.
The orc priest calls down the wrath of Beogh upon you.
Beogh smites you! The orc misses you.
You hit the orc. Your kick misses the orc.
The orc is moderately wounded.
The orc priest invokes the aid of Beogh against you.
Beogh smites you! The orc closely misses you.
3599 ||| READING scroll of teleportation.
As you read the scroll of teleportation, it crumbles to dust.
You feel strangely unstable. The orc barely misses you.
The orc wizard barely misses you.
You hit the orc but do no damage. Your kick misses the orc.
The orc is moderately wounded.
You hit the orc wizard. You hit the orc wizard. You claw the orc wizard.
The orc wizard is severely wounded.
You hit the orc.
You kill the orc!
The orc priest invokes the aid of Beogh against you.
Pain shoots through your body!
You die...

#.##.......#.....#....#.....#
'..#.......#.....#....#######
#.##.......#.....#....#
###..###...#.....#....#
#....###...#.....#....#
#..........'.....#o...#
...........#.....o.o..#
...........#...o)#....#
...........#....@# .o.#
......##...#.....# o.#
......##...#.....# .#
......##...#..%..# #
......#....#.....#
......#....#.....####
......#....#........#
......##...#........#
......##...#........#


You could see 2 orc priests and an orc wizard.

Vanquished Creatures
  Menkaure (D:4)
  A phantom (D:4)
  Blork the orc (D:4)
  3 adders
  3 worms
  2 dart slugs
  3 orcs
  4 endoplasms
  2 giant cockroaches (D:1)
  21 hobgoblins
  10 jackals
  3 kobolds
  A quokka (D:1)
  6 ball pythons
  5 bats
  6 frilled lizards
  5 goblins
  4 rats
81 creatures vanquished.

Vanquished Creatures (others)
  A fungus (D:4)
  3 plants (D:4)
4 creatures vanquished.

Grand Total: 85 creatures vanquished

Notes
Turn   | Place    | Note
-------+----------+-------------------------------------------
     0 | D:1      | qw the Tengu Warper began the quest for the Orb.
     0 | D:1      | Reached XP level 1. HP: 12/12 MP: 4/4
     0 | D:1      | 0 ||| qw: Version: 0.1-a-89-g26bdef1
     0 | D:1      | 0 ||| qw: Game counter: 2010
     0 | D:1      | 0 ||| qw: Always use a shield: true
     0 | D:1      | 0 ||| qw: God list: Okawaru
     0 | D:1      | 0 ||| qw: Allow faded altars: false
     0 | D:1      | 0 ||| qw: Do Orc after D:15 true
     0 | D:1      | 0 ||| qw: Do second Lair branch before Depths: true
     0 | D:1      | 0 ||| qw: Lair rune preference: random
     0 | D:1      | 0 ||| qw: Plans: Normal
     0 | D:1      | 0 ||| PLANNING D:1-11
   283 | D:1      | 283 ||| Stepping ~*~*~tactically~*~*~ (stealth).
   290 | D:1      | Reached skill level 3 in Axes
   290 | D:1      | Reached XP level 2. HP: 17/17 MP: 6/6
   294 | D:1      | 294 ||| Stepping ~*~*~tactically~*~*~ (stealth).
   295 | D:1      | 295 ||| Stepping ~*~*~tactically~*~*~ (stealth).
   837 | D:1      | Reached XP level 3. HP: 21/21 MP: 7/7
  1019 | D:1      | 1019 ||| UPGRADING to +0 cloak.
  1024 | D:1      | 1024 ||| READING scroll labelled FOOHOIKINI.
  1025 | D:1      | 1025 ||| READING scroll labelled PULEFR HARAURGH.
  1026 | D:1      | 1026 ||| READING scroll labelled RITAFU PILEM.
  1027 | D:1      | 1027 ||| DROPPING scroll of blinking.
  1122 | D:2      | 1122 ||| Stepping ~*~*~tactically~*~*~ (stealth).
  1175 | D:2      | Reached skill level 4 in Axes
  1295 | D:2      | Found a faded altar of an unknown god.
  1297 | D:2      | Noticed a shining eye
  1297 | D:2      | Noticed a floating eye
  1303 | D:2      | Noticed a golden eye
  1306 | D:2      | Noticed an eye of devastation
  1791 | D:2      | 1791 ||| Stepping ~*~*~tactically~*~*~ (hiding).
  1958 | D:2      | 1958 ||| UPGRADING to ring of protection from cold.
  1959 | D:2      | 1959 ||| READING scroll labelled ICSUQE GUTZE.
  1960 | D:2      | 1960 ||| READING scroll labelled UBLAOH GOUWN.
  1963 | D:2      | 1963 ||| READING scroll labelled KOHUET ZEODD.
  1964 | D:2      | 1964 ||| READING scroll labelled QOARYS CUTERI.
  1965 | D:2      | 1965 ||| READING scroll labelled MOPALAXKIE.
  1966 | D:2      | 1966 ||| DRINKING 2 yellow potions.
  1967 | D:2      | 1967 ||| DROPPING potion of degeneration.
  2062 | D:3      | Reached XP level 4. HP: 24/26 MP: 8/8
  2142 | D:3      | 2142 ||| Stepping ~*~*~tactically~*~*~ (stealth).
  2181 | D:3      | Found a transporter.
  2181 | D:3      | Noticed qw's ghost (weakling TeWr)
  2358 | D:3      | Found a transporter.
  2694 | D:3      | 2694 ||| UPGRADING to +0 ring mail.
  2704 | D:3      | 2704 ||| DROPPING +0 leather armour.
  2705 | D:3      | 2705 ||| UPGRADING to +0 pair of gloves.
  2710 | D:3      | 2710 ||| READING scroll labelled JAMUIWA GEIRGH.
  2711 | D:3      | 2711 ||| READING scroll labelled FANWUE NELADIRR.
  2833 | D:4      | Reached skill level 5 in Axes
  3001 | D:4      | Found a runed translucent gate.
  3002 | D:4      | Found a runed translucent gate.
  3003 | D:4      | Found a runed translucent gate.
  3005 | D:4      | Noticed qw's ghost (amateur TeWr)
  3007 | D:4      | Noticed a kobold brigand
  3009 | D:4      | Noticed Blork the orc
  3018 | D:4      | Killed Blork the orc
  3019 | D:4      | Reached skill level 6 in Axes
  3019 | D:4      | Gained mutation: Your magical nature lets you fly swiftly
                  | and evasively. [Tengu growth]
  3019 | D:4      | Reached XP level 5. HP: 23/30 MP: 9/9
  3118 | D:4      | Noticed a phantom
  3118 | D:4      | 3118 ||| Stepping ~*~*~tactically~*~*~ (stealth).
  3120 | D:4      | 3120 ||| Stepping ~*~*~tactically~*~*~ (stealth).
  3128 | D:4      | Killed a phantom
  3129 | D:4      | Reached XP level 6. HP: 34/35 MP: 10/10
  3235 | D:4      | Reached skill level 7 in Axes
  3299 | D:4      | Noticed Menkaure
  3307 | D:4      | Killed Menkaure
  3308 | D:4      | Reached skill level 3 in Fighting
  3368 | D:4      | 3368 ||| DROPPING +0 club.
  3404 | D:4      | Found a burning altar of Makhleb.
  3525 | D:4      | 3525 ||| DROPPING +0 whip.
  3593 | D:4      | 3593 ||| Stepping ~*~*~tactically~*~*~ (hiding).
  3596 | D:4      | 3596 ||| Stepping ~*~*~tactically~*~*~ (hiding).
  3598 | D:4      | HP: 6/37 [orc priest/divine providence (12)]
  3599 | D:4      | 3599 ||| READING scroll of teleportation.
  3601 | D:4      | Killed from afar by an orc priest

Levels and vault maps discovered:
D:1:      lemuel_arrival_behind_the_door_small, layout_loops_cross, st_stairs_3
D:2:      layout_basic, hellmonk_ecumenical_altar_watching_god,
          minmay_quadrilaterals
D:3:      layout_loops_ring, gammafunk_ghost_stat_death, grunt_decor_fettered
D:4:      cheibrodos_greedy_goblins, layout_gridville,
          mainiacjoe_overflow_surrounded_room, gammafunk_ghost_nasty_kobolds,
          nicolae_zen_rock_garden, uniq_menkaure, uniq_blork_the_orc

Skill      XL: |  1  2  3  4  5  6 |
---------------+-------------------+-----
Axes           | 3 4 6 7 |  7.0
Fighting       | 3 |  3.3
Throwing       | |  1.0
Armour         | |  1.1
Dodging        | |  2.1
Spellcasting   | |  2.0
Translocations | |  2.4

Action                   |  1- 3 |  4- 6 || total
-------------------------+-------+-------++-------
Melee: Hand axe          |   107 |   101 ||   208
       Kick              |    26 |    27 ||    53
       Peck              |    13 |    11 ||    24
       Punch             |     2 |       ||     2
Throw: Boomerang         |     7 |    20 ||    27
  Use: Scroll            |     8 |     3 ||    11
       Potion            |     1 |       ||     1
 Stab: Sleeping          |     1 |       ||     1
Armor: Leather armour    |    26 |     1 ||    27
       Ring mail         |       |    28 ||    28
Dodge: Dodged            |    46 |    60 ||   106

Table legend:
 A = Non-vault XP
 B = Vault XP
 C = Vault XP percentage of total XP
 D = Non-vault monster count
 E = Vault monster count
 F = Vault count percentage of total count
                 A         B        C        D         E       F
            +---------+---------+-------+---------+---------+-------
      Total |     260 |     292 |  52.9 |      62 |      19 |  23.5
            +---------+---------+-------+---------+---------+-------
        D:1 |      37 |       0 |   0.0 |      25 |       0 |   0.0
        D:2 |      24 |      13 |  35.1 |      10 |       6 |  37.5
        D:3 |      29 |       0 |   0.0 |      10 |       0 |   0.0
        D:4 |     170 |     279 |  62.1 |      17 |      13 |  43.3
            +---------+---------+-------+---------+---------+-------
